AoeStats
← Fs.Black_

Nomad

504621928Analyzed
4v4 RM · 26d ago on Sep 6, 2026· 40m 27s· 8 players
Game mode
Random Map
Map size
231×231
Population
200
Speed
Normal
Resources
Standard
Victory
Conquest
Starting age
Dark Age
Ending age
Imperial Age
RankedLock teamsTeams togetherTeam positionsShared explorationLock speedFull tech treeHidden civsTurbo modeCheats
Victory
Defeat
🇷🇺 Japanese · Russia
1702
+15
🇨🇦 Persians · Canada
1684
+16
🇹🇷 Huns · Türkiye
1673
+17
🇪🇨 Koreans · Ecuador
1672
+17
🇧🇷 Dravidians · Brazil
1725
-18
🇨🇦 Vietnamese · Canada
1717
-17
🇨🇦 Cumans · Canada
1695
-17
🇻🇳 Persians · Vietnam
1615
-13
Dunperta
12:34 Feudal Age
12:43 Loom
13:14 Double-Bit Axe
13:55 Town Watch
14:55 Fishing Lines
19:07 Castle Age
19:55 Forging
20:30 Medium Warships
21:50 Horse Collar
22:34 Heavy Plow
28:39 Iron Casting
28:25 Bow Saw
27:46 Demolition Ship
30:41 Wheelbarrow
32:01 Hand Cart
36:33 Imperial Age
34:10 Caravan
34:26 Husbandry
34:52 Gold Mining
36:06 Scale Barding Armor
36:18 Bloodlines
37:23 Chain Barding Armor
36:36 Cavalier
37:46 Conscription
38:40 Two-Man Saw
38:41 Plate Barding Armor
39:07 Blast Furnace
37:49 Paladin
40:34 Fletching
JOEMAMADRAGONDN
6:33 Loom
39:38 Feudal Age
40:21 Double-Bit Axe
41:31 Wheelbarrow
bryjet06
5:41 Loom
14:46 Feudal Age
21:14 Double-Bit Axe
27:31 Castle Age
27:58 Fishing Lines
29:05 Bow Saw
32:02 Medium Warships
35:02 Imperial Age
32:26 Fletching
33:23 Gold Mining
33:24 Stone Mining
34:22 Bodkin Arrow
36:50 Bracer
37:26 Ballistics
39:29 Chemistry
Eli
5:04 Loom
14:35 Feudal Age
18:42 Castle Age
16:56 Stone Mining
17:23 Double-Bit Axe
17:20 Fishing Lines
19:31 Scale Mail Armor
19:42 Forging
20:56 Bow Saw
23:09 Wheelbarrow
22:19 Town Watch
24:17 Chain Mail Armor
25:57 Forging
27:34 Iron Casting
27:33 Squires
31:36 Horse Collar
33:22 Heavy Plow
35:13 Fletching
36:56 Hand Cart
36:33 Gold Mining
40:35 Imperial Age
38:43 Bodkin Arrow
40:33 Ballistics
40:04 Guard Tower
39:55 Treadmill Crane
40:25 Masonry
Fs.BlinkAoE
5:07 Loom
12:26 Feudal Age
14:06 Man-at-Arms
15:52 Scale Mail Armor
33:32 Double-Bit Axe
[hkbb] Munzo__
4:10 Loom
16:26 Feudal Age
18:10 Double-Bit Axe
20:52 Castle Age
19:02 Stone Mining
20:21 Fletching
20:43 Horse Collar
21:05 Gold Mining
21:01 Fishing Lines
23:56 Town Watch
26:26 Bodkin Arrow
36:37 Wheelbarrow
37:34 Heavy Plow
38:15 Medium Warships
40:12 Medium Warships
41:00 Hand Cart
timembh
4:57 Loom
12:02 Feudal Age
16:10 Castle Age
17:12 Medium Warships
19:31 Wheelbarrow
18:46 Double-Bit Axe
19:04 Gold Mining
20:48 Bow Saw
24:37 Horse Collar
25:21 Town Watch
28:59 Scale Barding Armor
30:56 Chain Barding Armor
31:08 Bloodlines
33:57 Forging
33:53 Husbandry
35:41 Hand Cart
38:30 Imperial Age
37:30 Iron Casting
38:13 Cavalier
39:29 Plate Barding Armor
40:48 Blast Furnace
40:07 Savar
Fs.Black_
5:27 Loom
13:53 Feudal Age
17:26 Castle Age
16:37 Double-Bit Axe
18:26 Bow Saw
19:43 Horse Collar
22:35 Crossbowman
23:29 Fletching
24:45 Bodkin Arrow
26:25 Gold Mining
27:38 Ballistics
30:15 Wheelbarrow
33:44 Imperial Age
32:08 Padded Archer Armor
32:27 Hand Cart
33:24 Leather Archer Armor
33:00 Town Watch
33:29 Thumb Ring
35:02 Bracer
35:47 Ring Archer Armor
34:38 Elite Skirmisher
37:38 Chemistry
37:21 Imperial Skirmisher
38:58 Conscription
39:08 Arbalester
Connection lost

Rejoining the realm…

Still unreachable

The connection could not be restored.

Session expired

The server has moved on; the page needs a fresh start.